Firebirds vs Bears (R1)

Created - November 4, 2024 at 19:20

Goals
1 2 3 T
Firebirds 1 0 2 3
Bears 1 2 3 6
Shots
1 2 3 T
Firebirds 9 10 8 27
Bears 13 9 17 39

1st period

1. Bears , Cole Smith 3 (Mason Appleton 5, Vincent Dunn 2) at 9:45 (PP)
2. Firebirds , Eric Robinson 3 (Pierre-Luc Dubois 4, Wade Allison 2) at 13:52

Penalties :
Jasper Weatherby (Coa) for Tripping (Minor) at 8:50, Jake Evans (Coa) for Boarding (Minor) at 16:07

2nd period

3. Bears , Tommy Vannelli 1 (Kerby Rychel 5, Nicolas Aube-Kubel 7) at 2:52
4. Bears , Sam Carrick 3 (Nicolas Aube-Kubel 8, Kerby Rychel 6) at 15:16 (PP)

Penalties :
Nicolas Aube-Kubel (Her) for Elbowing (Minor) at 0:22, Charlie McAvoy (Coa) for Roughing (Minor) at 11:47, Jakub Zboril (Coa) for Holding (Minor) at 15:03, Vincent Dunn (Her) for Hooking (Minor) at 17:17

3rd period

5. Firebirds , Bobby Brink 1 (Charlie McAvoy 3, Jakub Zboril 8) at 3:56
6. Firebirds , Thomas Spelling 5 (Jake Evans 5) at 4:04
7. Bears , Nicolas Aube-Kubel 2 (Sam Carrick 4) at 4:08
8. Bears , Kerby Rychel 4 (Nicolas Aube-Kubel 9) at 6:24 (PP)
9. Bears , Kevin Rooney 3 (Mason Appleton 6) at 9:50

Penalties :
Jake Evans (Coa) for Roughing (Minor) at 4:50, Jake Evans (Coa) for Cross-checking (Minor) at 13:58

Goalie Stats

Cayden Primeau (Coa), 33 saves from 39 shots - (0.846), L, 3-3-2, 60:00 minutes
Garret Sparks (Her), 24 saves from 27 shots - (0.889), W, 2-4-0, 60:00 minutes

Players Stats for Firebirds

Player Name              G  A  P  +/- PIM S  H  SB GA TA FO     MP     PP MP  PK MP  
------------------------------------------------------------------------------------
Bobby Brink              1  0  1   0  0   1  1  0  0  0  0/1     7:55   0:00   0:00 
Charlie McAvoy           0  1  1   0  2   1  2  2  0  3  0/0    28:17   2:32   4:22 
Corey Shueneman          0  0  0   0  0   0  0  0  1  0  0/0    19:10   1:26   3:27 
Dylan Coghlan            0  0  0   0  0   1  0  2  0  1  0/0    12:27   0:00   0:45 
Eric Robinson            1  0  1   1  0   3  1  0  3  0  0/3    20:06   1:48   4:06 
Fredrik Olofsson         0  0  0  -1  0   3  1  0  0  0  0/0    10:21   0:10   1:05 
Hayden Hodgson           0  0  0   0  0   0  3  0  1  3  0/1    23:14   2:01   5:01 
Jake Evans               0  1  1   0  6   5  3  0  2  1  17/36  20:23   2:00   2:06 
Jakub Zboril             0  1  1   0  2   0  1  3  1  0  0/0    28:28   2:32   4:44 
Jasper Weatherby         0  0  0  -1  2   1  1  1  1  0  1/4    13:17   0:00   3:13 
Jonah Gadjovich          0  0  0   0  0   2  1  1  1  1  0/0     8:04   0:09   0:00 
Maksim Sushko            0  0  0  -1  0   0  1  0  0  0  1/1     9:13   0:09   0:00 
Matthew Kiersted         0  0  0   0  0   0  0  1  0  1  0/0    12:20   0:00   0:27 
Pierre-Luc Dubois        0  1  1   1  0   2  2  1  0  0  4/11   16:12   1:48   0:33 
Sasha Chmelevski         0  0  0   0  0   0  0  0  1  0  3/8     9:09   0:00   1:14 
Thomas Spelling          1  0  1   0  0   3  0  0  0  0  0/1    17:33   2:01   0:00 
Victor Mete              0  0  0   0  0   2  0  0  1  1  0/0    19:27   1:26   3:33 
Wade Allison             0  1  1   1  0   3  0  0  0  0  0/2    15:39   1:48   0:00 

Players Stats for Bears

Player Name              G  A  P  +/- PIM S  H  SB GA TA FO     MP     PP MP  PK MP  
------------------------------------------------------------------------------------
Blake Speers             0  0  0  -1  0   2  2  0  0  1  0/0     8:32   0:04   1:29 
Colby Cave               0  0  0  -1  0   0  1  0  0  1  0/1     7:19   0:00   0:22 
Cole Smith               1  0  1   0  0   4  1  0  0  1  0/0    18:41   3:54   0:20 
Emil Johansson           0  0  0   1  0   1  1  1  0  1  0/0     9:25   0:00   0:00 
Gianluca Curcuruto       0  0  0  -1  0   1  3  1  0  0  0/0    21:05   2:30   1:57 
Isaac Ratcliffe          0  0  0   0  0   0  0  0  0  0  0/0    10:40   0:04   0:53 
Kerby Rychel             1  2  3   1  0   3  0  1  2  0  2/4    22:50   4:41   1:47 
Kevin Rooney             1  0  1   0  0   1  0  0  3  1  9/13   14:27   0:00   0:00 
Mason Appleton           0  2  2   0  0   4  3  0  1  0  0/0    18:33   3:58   0:00 
Michael Prapavessis      0  0  0   0  0   0  0  1  0  0  0/0    22:05   2:30   2:01 
Mikko Vainonen           0  0  0  -1  0   1  1  2  1  1  0/0    28:30   6:09   1:57 
Nicholas Caamano         0  0  0   0  0   1  0  0  0  0  1/1     9:29   0:00   0:00 
Nicolas Aube-Kubel       1  3  4   1  2   5  1  1  3  1  1/2    22:00   4:41   0:58 
Ryan Graves              0  0  0   1  0   0  0  0  0  0  0/0     9:25   0:00   0:00 
Sam Carrick              1  1  2   1  0   4  1  1  1  1  26/38  22:55   4:41   1:52 
Tanner Laczynski         0  0  0   0  0   4  2  0  0  0  2/5     9:44   0:00   0:15 
Tommy Vannelli           1  0  1   0  0   6  1  1  0  4  0/0    29:30   6:09   2:01 
Vincent Dunn             0  1  1  -1  2   2  0  0  0  0  1/4    10:50   3:54   0:00 

3 Stars

1 - Nicolas Aube-Kubel (Her)
2 - Kerby Rychel (Her)
3 - Sam Carrick (Her)

Power Play

Firebirds - 0 on 2 Attempt(s) - 0.00%
Bears - 3 on 6 Attempt(s) - 50.00%

Penalty Kill

Firebirds - 3 on 6 Attempt(s) - 50.00% - Score 0 goal in Penalty Kill
Bears - 2 on 2 Attempt(s) - 100.00% - Score 0 goal in Penalty Kill

Team Stat

Firebirds - Hits : 17 - Faceoff Wins : 26 - Blocked Shots : 11 - Penalty Minutes : 12
Bears - Hits : 17 - Faceoff Wins : 42 - Blocked Shots : 9 - Penalty Minutes : 4

Official

Referees : Brandon Blandina and Dean Morton
Linesman : David Brisebois and Steve Miller

Game Notes

No Game Note

Finance

Level 1 -- Attendance: 1704 (85.20%) -- Ticket Income $119,280
Level 2 -- Attendance: 1000 (100.00%) -- Ticket Income $40,000
Total Attendance: 2704 (90.13%)
Total Ticket Income: $159,280
Other Income: $7,964
Total Income: $167,244

Firebirds

5 vs 5 Forward 
   Center                   Left Wing                Right Wing               Time % Phy DF OF 
 1 Jake Evans               Hayden Hodgson           Thomas Spelling          40     1   2  2  
 2 Pierre-Luc Dubois        Eric Robinson            Wade Allison             30     1   1  3  
 3 Jasper Weatherby         Fredrik Olofsson         Maksim Sushko            20     1   2  2  
 4 Sasha Chmelevski         Jonah Gadjovich          Bobby Brink              10     2   2  1  

5 vs 5 Defense 
   Defense                  Defense                                           Time % Phy DF OF 
 1 Jakub Zboril             Charlie McAvoy                                    40     1   2  2  
 2 Corey Shueneman          Victor Mete                                       30     1   2  2  
 3 Dylan Coghlan            Matthew Kiersted                                  20     1   2  2  
 4 Jakub Zboril             Charlie McAvoy                                    10     1   2  2  

PowerPlay Forward 
   Center                   Left Wing                Right Wing               Time % Phy DF OF 
 1 Jake Evans               Hayden Hodgson           Thomas Spelling          60     1   1  3  
 2 Pierre-Luc Dubois        Eric Robinson            Wade Allison             40     1   1  3  

PowerPlay Defense
   Defense                  Defense                                           Time % Phy DF OF 
 1 Jakub Zboril             Charlie McAvoy                                    60     1   2  2  
 2 Corey Shueneman          Victor Mete                                       40     1   2  2  

Penalty Kill 4 Players Forward 
   Center                   Wing                     Time % Phy DF OF 
 1 Jake Evans               Hayden Hodgson           60     1   2  2  
 2 Pierre-Luc Dubois        Eric Robinson            40     1   2  2  

Penalty Kill 4 Players Defense
   Defense                  Defense                  Time % Phy DF OF 
 1 Jakub Zboril             Charlie McAvoy           60     1   2  2  
 2 Corey Shueneman          Victor Mete              40     1   2  2  

Penalty Kill - 3 Players Forward 
   Forward                                           Time % Phy DF OF 
 1 Jake Evans                                        60     1   2  2  
 2 Pierre-Luc Dubois                                 40     1   2  2  

Penalty Kill - 3 Players Defense
   Defense                  Defense                  Time % Phy DF OF 
 1 Jakub Zboril             Charlie McAvoy           60     1   2  2  
 2 Corey Shueneman          Victor Mete              40     1   2  2  

4 vs 4 Forward 
   Center                   Wing                     Time % Phy DF OF 
 1 Jake Evans               Hayden Hodgson           60     1   2  2  
 2 Pierre-Luc Dubois        Eric Robinson            40     1   2  2  

4 vs 4 Defense
   Defense                  Defense                  Time % Phy DF OF 
 1 Jakub Zboril             Charlie McAvoy           60     1   2  2  
 2 Corey Shueneman          Victor Mete              40     1   2  2  

Last Minutes Offensive
   Center                   Left Wing                Right Wing               Defense                  Defense                  
   Jake Evans               Hayden Hodgson           Thomas Spelling          Jakub Zboril             Charlie McAvoy           

Last Minutes Defensive
   Center                   Left Wing                Right Wing               Defense                  Defense                  
   Jake Evans               Hayden Hodgson           Thomas Spelling          Jakub Zboril             Charlie McAvoy           

Goaltenders
Starting : Cayden Primeau           
Backup : Jakub Skarek             

Extra Forwards
Normal : Eric Robinson, Fredrik Olofsson, Wade Allison - PP : Eric Robinson, Fredrik Olofsson - PK : Eric Robinson
Extra Defensemen
Normal : Victor Mete, Dylan Coghlan, Matthew Kiersted - PP : Victor Mete - PK : Victor Mete, Dylan Coghlan
Penalty Shots
Hayden Hodgson, Thomas Spelling, Jake Evans, Pierre-Luc Dubois, Eric Robinson
Custom OT Lines Forwards
Hayden Hodgson, Thomas Spelling, Jake Evans, Pierre-Luc Dubois, Eric Robinson, Fredrik Olofsson, Wade Allison, Jonah Gadjovich, Jasper Weatherby, Maksim Sushko
Custom OT Lines Defensemen
Jakub Zboril, Charlie McAvoy, Corey Shueneman, Victor Mete, Dylan Coghlan

Scratches
Jacob Olofsson (Healthy), Jacob Middleton (Healthy), Kyle Capobianco (Healthy), Parker Kelly (Healthy), Artur Kayumov (Healthy)
Stelio Mattheos (Healthy), Nikita Alexandrov (Healthy), Valentin Nussbaumer (Healthy), John Ludvig (Healthy), Maxence Guenette (Healthy)
Matej Blumel (Healthy), Ian Scott (Healthy)

Bears

5 vs 5 Forward 
   Center                   Left Wing                Right Wing               Time % Phy DF OF 
 1 Sam Carrick              Kerby Rychel             Nicolas Aube-Kubel       40     0   1  4  
 2 Kevin Rooney             Cole Smith               Mason Appleton           35     0   2  3  
 3 Tanner Laczynski         Isaac Ratcliffe          Nicholas Caamano         15     0   3  2  
 4 Vincent Dunn             Colby Cave               Blake Speers             10     0   4  1  

5 vs 5 Defense 
   Defense                  Defense                                           Time % Phy DF OF 
 1 Mikko Vainonen           Tommy Vannelli                                    40     0   3  2  
 2 Michael Prapavessis      Gianluca Curcuruto                                35     0   3  2  
 3 Emil Johansson           Ryan Graves                                       15     0   4  1  
 4 Mikko Vainonen           Tommy Vannelli                                    10     0   4  1  

PowerPlay Forward 
   Center                   Left Wing                Right Wing               Time % Phy DF OF 
 1 Sam Carrick              Kerby Rychel             Nicolas Aube-Kubel       60     0   1  4  
 2 Vincent Dunn             Cole Smith               Mason Appleton           40     0   1  4  

PowerPlay Defense
   Defense                  Defense                                           Time % Phy DF OF 
 1 Tommy Vannelli           Mikko Vainonen                                    60     0   2  3  
 2 Michael Prapavessis      Gianluca Curcuruto                                40     0   2  3  

Penalty Kill 4 Players Forward 
   Center                   Wing                     Time % Phy DF OF 
 1 Sam Carrick              Nicolas Aube-Kubel       60     0   3  2  
 2 Tanner Laczynski         Kerby Rychel             40     0   3  2  

Penalty Kill 4 Players Defense
   Defense                  Defense                  Time % Phy DF OF 
 1 Tommy Vannelli           Michael Prapavessis      60     0   4  1  
 2 Mikko Vainonen           Gianluca Curcuruto       40     0   4  1  

Penalty Kill - 3 Players Forward 
   Forward                                           Time % Phy DF OF 
 1 Nicolas Aube-Kubel                                60     0   5  0  
 2 Sam Carrick                                       40     0   5  0  

Penalty Kill - 3 Players Defense
   Defense                  Defense                  Time % Phy DF OF 
 1 Tommy Vannelli           Michael Prapavessis      60     0   5  0  
 2 Gianluca Curcuruto       Mikko Vainonen           40     0   5  0  

4 vs 4 Forward 
   Center                   Wing                     Time % Phy DF OF 
 1 Sam Carrick              Nicolas Aube-Kubel       60     0   1  4  
 2 Tanner Laczynski         Kerby Rychel             40     0   1  4  

4 vs 4 Defense
   Defense                  Defense                  Time % Phy DF OF 
 1 Mikko Vainonen           Tommy Vannelli           60     0   2  3  
 2 Michael Prapavessis      Gianluca Curcuruto       40     0   2  3  

Last Minutes Offensive
   Center                   Left Wing                Right Wing               Defense                  Defense                  
   Sam Carrick              Kerby Rychel             Nicolas Aube-Kubel       Mikko Vainonen           Tommy Vannelli           

Last Minutes Defensive
   Center                   Left Wing                Right Wing               Defense                  Defense                  
   Sam Carrick              Kerby Rychel             Nicolas Aube-Kubel       Mikko Vainonen           Tommy Vannelli           

Goaltenders
Starting : Garret Sparks            
Backup : Artyom Zagidulin         

Extra Forwards
Normal : Nicolas Aube-Kubel, Kerby Rychel, Mason Appleton - PP : Nicolas Aube-Kubel, Kerby Rychel - PK : Nicolas Aube-Kubel
Extra Defensemen
Normal : Tommy Vannelli, Michael Prapavessis, Mikko Vainonen - PP : Tommy Vannelli - PK : Tommy Vannelli, Michael Prapavessis
Penalty Shots
Tanner Laczynski, Kerby Rychel, Nicholas Caamano, Sam Carrick, Vincent Dunn
Custom OT Lines Forwards
Nicolas Aube-Kubel, Kerby Rychel, Mason Appleton, Sam Carrick, Tanner Laczynski, Cole Smith, Vincent Dunn, Nicholas Caamano, Colby Cave, Blake Speers
Custom OT Lines Defensemen
Tommy Vannelli, Mikko Vainonen, Gianluca Curcuruto, Michael Prapavessis, Emil Johansson

Scratches
Jesper Pettersson (Healthy), David Farrance (Healthy), Mackenze Stewart (Healthy), Zack Hayes (Healthy), Mario Ferraro (Healthy)
Will Reilly (Healthy), Kristians Rubins (Healthy), Jakob Stenqvist (Healthy), Tim Gettinger (Healthy), Arvid Henrikson (Healthy)
Kirill Maksimov (Healthy), Jeremy Michel (Healthy)

% Time on Ice - Firebirds

Lines # - Real PCT - Wanted PCT - Time Play
Normal Forward
1 - 35% - 40% - 16:33
2 - 29% - 30% - 13:51
3 - 19% - 20% - 9:04
4 - 17% - 10% - 7:55
Normal Defense
1 - 41% - 40% - 19:30
2 - 30% - 30% - 14:17
3 - 25% - 20% - 11:42
4 - 4% - 10% - 1:54
PP Forward
1 - 55% - 60% - 2:10
2 - 45% - 40% - 1:48
PP Defense
1 - 64% - 60% - 2:32
2 - 36% - 40% - 1:26
PK Forward
1 - 94% - 60% - 8:06
2 - 6% - 40% - 0:33
PK Defense
1 - 62% - 60% - 5:24
2 - 38% - 40% - 3:15
PK3 Forward
1 - 0% - 60%
2 - 0% - 40%
PK3 Defense
1 - 0% - 60%
2 - 0% - 40%
44 Forward
1 - 0% - 60%
2 - 0% - 40%
44 Defense
1 - 0% - 60%
2 - 0% - 40%
Last Minute Offensive  - 0:00
Last Minute Defensive  - 0:00
Total
Forward - 60:00
Defense - 60:00

% Time on Ice - Bears

Lines # - Real PCT - Wanted PCT - Time Play
Normal Forward
1 - 35% - 40% - 16:28
2 - 31% - 35% - 14:35
3 - 20% - 15% - 9:29
4 - 14% - 10% - 6:51
Normal Defense
1 - 41% - 40% - 19:38
2 - 35% - 35% - 16:38
3 - 20% - 15% - 9:25
4 - 4% - 10% - 1:42
PP Forward
1 - 54% - 60% - 4:41
2 - 46% - 40% - 3:58
PP Defense
1 - 71% - 60% - 6:09
2 - 29% - 40% - 2:30
PK Forward
1 - 94% - 60% - 3:43
2 - 6% - 40% - 0:15
PK Defense
1 - 51% - 60% - 2:01
2 - 49% - 40% - 1:57
PK3 Forward
1 - 0% - 60%
2 - 0% - 40%
PK3 Defense
1 - 0% - 60%
2 - 0% - 40%
44 Forward
1 - 0% - 60%
2 - 0% - 40%
44 Defense
1 - 0% - 60%
2 - 0% - 40%
Last Minute Offensive  - 0:00
Last Minute Defensive  - 0:00
Total
Forward - 60:00
Defense - 60:00

Play-by-Play

1st period


0:01 of 1st period - Sam Carrick wins face-off versus Jake Evans in neutral zone.
0:38 of 1st period - Charlie McAvoy is hit by Gianluca Curcuruto and loses puck.
1:12 of 1st period - Snap shot by Vincent Dunn.
1:12 of 1st period - Stopped by Cayden Primeau without a rebound.
1:13 of 1st period - Sasha Chmelevski wins face-off versus Vincent Dunn in Firebirds zone.
1:37 of 1st period - Blake Speers is hit by Jonah Gadjovich and loses puck.
1:50 of 1st period - Backhand shot by Blake Speers.
1:50 of 1st period - Stopped by Cayden Primeau with a rebound.
1:52 of 1st period - Backhand shot by Mikko Vainonen.
1:52 of 1st period - Deflect By Vincent Dunn.
1:52 of 1st period - Shot Misses the Net.
1:52 of 1st period - Puck is out of play.
1:53 of 1st period - Sam Carrick wins face-off versus Jake Evans in Firebirds zone.
2:17 of 1st period - Icing by Pierre-Luc Dubois.
2:18 of 1st period - Kevin Rooney wins face-off versus Pierre-Luc Dubois in Firebirds zone.
2:53 of 1st period - Wrist shot by Kerby Rychel.
2:53 of 1st period - Shot Misses the Net.
3:05 of 1st period - Backhand shot by Charlie McAvoy.
3:05 of 1st period - Stopped by Garret Sparks with a rebound.
3:07 of 1st period - Wrist shot by Charlie McAvoy.
3:07 of 1st period - Shot Misses the Net.
3:09 of 1st period - Slapshot by Jakub Zboril.
3:09 of 1st period - Shot Misses the Net.
3:23 of 1st period - Snap shot by Wade Allison.
3:23 of 1st period - Stopped by Garret Sparks without a rebound.
3:24 of 1st period - Sam Carrick wins face-off versus Pierre-Luc Dubois in Bears zone.
5:55 of 1st period - Snap shot by Jonah Gadjovich.
5:55 of 1st period - Stopped by Garret Sparks without a rebound.
5:56 of 1st period - Sam Carrick wins face-off versus Sasha Chmelevski in Bears zone.
6:21 of 1st period - Kevin Rooney is hit by Hayden Hodgson and loses puck.
6:56 of 1st period - Off-side.
6:57 of 1st period - Sam Carrick wins face-off versus Jasper Weatherby in neutral zone.
7:02 of 1st period - Wrist shot by Nicolas Aube-Kubel.
7:02 of 1st period - Shot Misses the Net.
7:12 of 1st period - Snap shot by Fredrik Olofsson.
7:12 of 1st period - Stopped by Garret Sparks without a rebound.
7:13 of 1st period - Kevin Rooney wins face-off versus Jake Evans in Bears zone.
7:33 of 1st period - Icing by Kevin Rooney.
7:34 of 1st period - Kevin Rooney wins face-off versus Pierre-Luc Dubois in Bears zone.
8:23 of 1st period - Snap shot by Mason Appleton.
8:23 of 1st period - Stopped by Cayden Primeau without a rebound.
8:24 of 1st period - Sam Carrick wins face-off versus Jake Evans in Firebirds zone.
8:31 of 1st period - Snap shot by Kerby Rychel.
8:31 of 1st period - Shot Blocked by Dylan Coghlan.
8:39 of 1st period - Snap shot by Sam Carrick.
8:39 of 1st period - Stopped by Cayden Primeau with a rebound.
8:50 of 1st period - Minor Penalty to Jasper Weatherby for Tripping.
8:51 of 1st period - Sam Carrick wins face-off versus Jake Evans in Firebirds zone.
9:05 of 1st period - Wrist shot by Kerby Rychel.
9:05 of 1st period - Stopped by Cayden Primeau without a rebound.
9:06 of 1st period - Sam Carrick wins face-off versus Hayden Hodgson in Firebirds zone.
9:09 of 1st period - Snap shot by Nicolas Aube-Kubel.
9:09 of 1st period - Deflect By Sam Carrick.
9:09 of 1st period - Shot Misses the Net.
9:09 of 1st period - Puck is out of play.
9:10 of 1st period - Jake Evans wins face-off versus Sam Carrick in Firebirds zone.
9:45 of 1st period - Snap shot by Cole Smith.
9:45 of 1st period - Goal by Cole Smith - Firebirds : 0 - Bears : 1.
9:46 of 1st period - Kerby Rychel wins face-off versus Jasper Weatherby in neutral zone.
9:55 of 1st period - Snap shot by Nicolas Aube-Kubel.
9:55 of 1st period - Shot Blocked by Jasper Weatherby.
9:57 of 1st period - Slapshot by Tommy Vannelli.
9:57 of 1st period - Stopped by Cayden Primeau with a rebound.
10:01 of 1st period - Snap shot by Sam Carrick.
10:01 of 1st period - Stopped by Cayden Primeau with a rebound.
10:20 of 1st period - Wrist shot by Cole Smith.
10:20 of 1st period - Stopped by Cayden Primeau without a rebound.
10:21 of 1st period - Sam Carrick wins face-off versus Jake Evans in Firebirds zone.
10:22 of 1st period - Wrist shot by Kerby Rychel.
10:22 of 1st period - Shot Misses the Net.
10:28 of 1st period - Snap shot by Kerby Rychel.
10:28 of 1st period - Shot Blocked by Matthew Kiersted.
10:57 of 1st period - Wrist shot by Wade Allison.
10:57 of 1st period - Stopped by Garret Sparks with a rebound.
11:44 of 1st period - Kerby Rychel is hit by Jake Evans and loses puck.
12:18 of 1st period - Jakub Zboril is hit by Cole Smith and loses puck.
12:49 of 1st period - Snap shot by Tanner Laczynski.
12:49 of 1st period - Stopped by Cayden Primeau with a rebound.
13:23 of 1st period - Victor Mete is hit by Blake Speers and loses puck.
13:52 of 1st period - Snap shot by Eric Robinson.
13:52 of 1st period - Goal by Eric Robinson - Firebirds : 1 - Bears : 1.
13:53 of 1st period - Sam Carrick wins face-off versus Pierre-Luc Dubois in neutral zone.
14:06 of 1st period - Wrist shot by Eric Robinson.
14:06 of 1st period - Stopped by Garret Sparks without a rebound.
14:07 of 1st period - Jake Evans wins face-off versus Sam Carrick in Bears zone.
14:14 of 1st period - Wrist shot by Thomas Spelling.
14:14 of 1st period - Shot Blocked by Mikko Vainonen.
15:22 of 1st period - Slapshot by Kerby Rychel.
15:22 of 1st period - Shot Blocked by Dylan Coghlan.
15:24 of 1st period - Slapshot by Nicolas Aube-Kubel.
15:24 of 1st period - Shot Blocked by Jonah Gadjovich.
16:04 of 1st period - Kevin Rooney is hit by Jake Evans and loses puck.
16:07 of 1st period - Minor Penalty to Jake Evans for Boarding.
16:08 of 1st period - Sam Carrick wins face-off versus Eric Robinson in Firebirds zone.
16:19 of 1st period - Nicolas Aube-Kubel is hit by Charlie McAvoy and loses puck.
18:07 of 1st period - Penalty to Jake Evans is over, Jake Evans is back on ice.
18:16 of 1st period - Off-side.
18:17 of 1st period - Nicholas Caamano wins face-off versus Jake Evans in neutral zone.
18:26 of 1st period - Wrist shot by Nicholas Caamano.
18:26 of 1st period - Stopped by Cayden Primeau without a rebound.
18:27 of 1st period - Jake Evans wins face-off versus Tanner Laczynski in Firebirds zone.
18:36 of 1st period - Snap shot by Thomas Spelling.
18:36 of 1st period - Stopped by Garret Sparks with a rebound.
18:38 of 1st period - Snap shot by Jake Evans.
18:38 of 1st period - Stopped by Garret Sparks with a rebound.
18:47 of 1st period - Off-side.
18:48 of 1st period - Sam Carrick wins face-off versus Sasha Chmelevski in neutral zone.
18:55 of 1st period - Slapshot by Sam Carrick.
18:55 of 1st period - Stopped by Cayden Primeau with a rebound.
19:38 of 1st period - Wrist shot by Tanner Laczynski.
19:38 of 1st period - Stopped by Cayden Primeau without a rebound.
19:39 of 1st period - Jake Evans wins face-off versus Tanner Laczynski in Firebirds zone.
Goals for this period are 1 for Firebirds vs 1 for Bears.
Shots for this period are 9 for Firebirds vs 13 for Bears.

2nd period


0:01 of 2nd period - Sam Carrick wins face-off versus Jake Evans in neutral zone.
0:22 of 2nd period - Minor Penalty to Nicolas Aube-Kubel for Elbowing.
0:23 of 2nd period - Sam Carrick wins face-off versus Jake Evans in Bears zone.
0:23 of 2nd period - Sam Carrick is hit by Hayden Hodgson.
0:37 of 2nd period - Snap shot by Kerby Rychel.
0:37 of 2nd period - Shot Blocked by Jakub Zboril.
0:39 of 2nd period - Slapshot by Tommy Vannelli.
0:39 of 2nd period - Shot Misses the Net.
1:39 of 2nd period - Victor Mete is hit by Blake Speers and loses puck.
2:22 of 2nd period - Penalty to Nicolas Aube-Kubel is over, Nicolas Aube-Kubel is back on ice.
2:50 of 2nd period - Snap shot by Kerby Rychel.
2:50 of 2nd period - Shot Blocked by Charlie McAvoy.
2:52 of 2nd period - Slapshot by Tommy Vannelli.
2:52 of 2nd period - Goal by Tommy Vannelli - Firebirds : 1 - Bears : 2.
2:53 of 2nd period - Kevin Rooney wins face-off versus Jake Evans in neutral zone.
3:08 of 2nd period - Ryan Graves is hit by Jake Evans and loses puck.
3:28 of 2nd period - Wrist shot by Wade Allison.
3:28 of 2nd period - Shot Blocked by Emil Johansson.
4:10 of 2nd period - Snap shot by Cole Smith.
4:10 of 2nd period - Shot Misses the Net.
4:12 of 2nd period - Slapshot by Tommy Vannelli.
4:12 of 2nd period - Stopped by Cayden Primeau with a rebound.
4:14 of 2nd period - Slapshot by Mikko Vainonen.
4:14 of 2nd period - Shot Misses the Net.
4:24 of 2nd period - Dylan Coghlan is hit by Nicolas Aube-Kubel and loses puck.
5:07 of 2nd period - Eric Robinson is hit by Gianluca Curcuruto and loses puck.
5:32 of 2nd period - Charlie McAvoy is hit by Mason Appleton and loses puck.
6:01 of 2nd period - Jakub Zboril is hit by Sam Carrick and loses puck.
6:16 of 2nd period - Slapshot by Vincent Dunn.
6:16 of 2nd period - Shot Misses the Net.
6:18 of 2nd period - Snap shot by Mikko Vainonen.
6:18 of 2nd period - Stopped by Cayden Primeau without a rebound.
6:19 of 2nd period - Vincent Dunn wins face-off versus Wade Allison in Firebirds zone.
6:20 of 2nd period - Snap shot by Blake Speers.
6:20 of 2nd period - Stopped by Cayden Primeau with a rebound.
7:10 of 2nd period - Corey Shueneman is hit by Emil Johansson and loses puck.
7:29 of 2nd period - Slapshot by Victor Mete.
7:29 of 2nd period - Deflect By Fredrik Olofsson.
7:29 of 2nd period - Shot Blocked by Tommy Vannelli.
7:29 of 2nd period - Puck is out of play.
7:30 of 2nd period - Jasper Weatherby wins face-off versus Sam Carrick in Bears zone.
7:39 of 2nd period - Slapshot by Jakub Zboril.
7:39 of 2nd period - Deflect By Fredrik Olofsson.
7:39 of 2nd period - Stopped by Garret Sparks with a rebound.
7:41 of 2nd period - Wrist shot by Charlie McAvoy.
7:41 of 2nd period - Shot Blocked by Gianluca Curcuruto.
7:43 of 2nd period - Snap shot by Fredrik Olofsson.
7:43 of 2nd period - Shot Blocked by Sam Carrick.
7:45 of 2nd period - Slapshot by Jakub Zboril.
7:45 of 2nd period - Shot Blocked by Kerby Rychel.
7:47 of 2nd period - Backhand shot by Jakub Zboril.
7:47 of 2nd period - Shot Misses the Net.
7:51 of 2nd period - Snap shot by Fredrik Olofsson.
7:51 of 2nd period - Shot Misses the Net.
7:53 of 2nd period - Slapshot by Jakub Zboril.
7:53 of 2nd period - Deflect By Fredrik Olofsson.
7:53 of 2nd period - Stopped by Garret Sparks without a rebound.
7:54 of 2nd period - Jake Evans wins face-off versus Kevin Rooney in Bears zone.
8:28 of 2nd period - Snap shot by Pierre-Luc Dubois.
8:28 of 2nd period - Shot Misses the Net.
8:44 of 2nd period - Wrist shot by Tanner Laczynski.
8:44 of 2nd period - Stopped by Cayden Primeau with a rebound.
9:28 of 2nd period - Wrist shot by Eric Robinson.
9:28 of 2nd period - Stopped by Garret Sparks without a rebound.
9:29 of 2nd period - Kevin Rooney wins face-off versus Jake Evans in Bears zone.
9:36 of 2nd period - Wrist shot by Jake Evans.
9:36 of 2nd period - Stopped by Garret Sparks with a rebound.
9:51 of 2nd period - Icing by Mason Appleton.
9:52 of 2nd period - Pierre-Luc Dubois wins face-off versus Sam Carrick in Bears zone.
9:57 of 2nd period - Wrist shot by Pierre-Luc Dubois.
9:57 of 2nd period - Stopped by Garret Sparks with a rebound.
10:21 of 2nd period - Wrist shot by Tanner Laczynski.
10:21 of 2nd period - Shot Misses the Net.
10:23 of 2nd period - Snap shot by Isaac Ratcliffe.
10:23 of 2nd period - Shot Misses the Net.
10:25 of 2nd period - Slapshot by Emil Johansson.
10:25 of 2nd period - Stopped by Cayden Primeau without a rebound.
10:26 of 2nd period - Jake Evans wins face-off versus Kerby Rychel in Firebirds zone.
10:51 of 2nd period - Kevin Rooney is hit by Fredrik Olofsson.
10:54 of 2nd period - Gianluca Curcuruto is hit by Jakub Zboril and loses puck.
11:47 of 2nd period - Minor Penalty to Charlie McAvoy for Roughing.
11:48 of 2nd period - Sam Carrick wins face-off versus Jake Evans in Firebirds zone.
13:47 of 2nd period - Penalty to Charlie McAvoy is over, Charlie McAvoy is back on ice.
13:57 of 2nd period - Slapshot by Victor Mete.
13:57 of 2nd period - Deflect By Tommy Vannelli.
13:57 of 2nd period - Stopped by Garret Sparks without a rebound.
13:58 of 2nd period - Tanner Laczynski wins face-off versus Sasha Chmelevski in Bears zone.
14:11 of 2nd period - Snap shot by Jonah Gadjovich.
14:11 of 2nd period - Stopped by Garret Sparks without a rebound.
14:12 of 2nd period - Jake Evans wins face-off versus Kevin Rooney in Bears zone.
14:29 of 2nd period - Off-side.
14:30 of 2nd period - Sam Carrick wins face-off versus Pierre-Luc Dubois in neutral zone.
14:55 of 2nd period - Thomas Spelling is hit by Mason Appleton and loses puck.
15:03 of 2nd period - Minor Penalty to Jakub Zboril for Holding.
15:04 of 2nd period - Jake Evans wins face-off versus Nicolas Aube-Kubel in Firebirds zone.
15:16 of 2nd period - Wrist shot by Sam Carrick.
15:16 of 2nd period - Goal by Sam Carrick - Firebirds : 1 - Bears : 3.
15:17 of 2nd period - Sam Carrick wins face-off versus Jake Evans in neutral zone.
15:42 of 2nd period - Victor Mete is hit by Tommy Vannelli and loses puck.
15:47 of 2nd period - Snap shot by Cole Smith.
15:47 of 2nd period - Stopped by Cayden Primeau with a rebound.
15:49 of 2nd period - Slapshot by Mason Appleton.
15:49 of 2nd period - Deflect By Kevin Rooney.
15:49 of 2nd period - Shot Misses the Net.
15:49 of 2nd period - Puck is out of play.
15:50 of 2nd period - Kevin Rooney wins face-off versus Jake Evans in Firebirds zone.
16:03 of 2nd period - Snap shot by Mason Appleton.
16:03 of 2nd period - Shot Blocked by Charlie McAvoy.
16:15 of 2nd period - Thomas Spelling is hit by Tanner Laczynski.
16:25 of 2nd period - Wrist shot by Jake Evans.
16:25 of 2nd period - Stopped by Garret Sparks with a rebound.
16:31 of 2nd period - Wrist shot by Jake Evans.
16:31 of 2nd period - Stopped by Garret Sparks without a rebound.
16:32 of 2nd period - Pierre-Luc Dubois wins face-off versus Sam Carrick in Bears zone.
16:35 of 2nd period - Wrist shot by Wade Allison.
16:35 of 2nd period - Stopped by Garret Sparks without a rebound.
16:36 of 2nd period - Sam Carrick wins face-off versus Wade Allison in Bears zone.
17:17 of 2nd period - Minor Penalty to Vincent Dunn for Hooking.
17:18 of 2nd period - Jake Evans wins face-off versus Sam Carrick in Bears zone.
17:45 of 2nd period - Michael Prapavessis is hit by Charlie McAvoy and loses puck.
17:58 of 2nd period - Slapshot by Nicolas Aube-Kubel.
17:58 of 2nd period - Stopped by Cayden Primeau with a rebound.
19:17 of 2nd period - Penalty to Vincent Dunn is over, Vincent Dunn is back on ice.
19:55 of 2nd period - Off-side.
19:56 of 2nd period - Kevin Rooney wins face-off versus Jasper Weatherby in neutral zone.
Goals for this period are 0 for Firebirds vs 2 for Bears.
Shots for this period are 10 for Firebirds vs 9 for Bears.

3rd period


0:01 of 3rd period - Sam Carrick wins face-off versus Jake Evans in neutral zone.
0:32 of 3rd period - Wrist shot by Mason Appleton.
0:32 of 3rd period - Stopped by Cayden Primeau with a rebound.
0:34 of 3rd period - Slapshot by Gianluca Curcuruto.
0:34 of 3rd period - Deflect By Mason Appleton.
0:34 of 3rd period - Stopped by Cayden Primeau with a rebound.
0:58 of 3rd period - Slapshot by Tommy Vannelli.
0:58 of 3rd period - Stopped by Cayden Primeau without a rebound.
0:59 of 3rd period - Jake Evans wins face-off versus Sam Carrick in Firebirds zone.
1:24 of 3rd period - Kevin Rooney is hit by Pierre-Luc Dubois and loses puck.
1:49 of 3rd period - Tommy Vannelli is hit by Jasper Weatherby.
1:59 of 3rd period - Matthew Kiersted is hit by Gianluca Curcuruto and loses puck.
2:20 of 3rd period - Snap shot by Vincent Dunn.
2:20 of 3rd period - Stopped by Cayden Primeau without a rebound.
2:21 of 3rd period - Jake Evans wins face-off versus Sam Carrick in Firebirds zone.
3:10 of 3rd period - Isaac Ratcliffe is hit by Maksim Sushko and loses puck.
3:54 of 3rd period - Slapshot by Charlie McAvoy.
3:54 of 3rd period - Shot Blocked by Mikko Vainonen.
3:56 of 3rd period - Wrist shot by Bobby Brink.
3:56 of 3rd period - Goal by Bobby Brink - Firebirds : 2 - Bears : 3.
3:57 of 3rd period - Jake Evans wins face-off versus Sam Carrick in neutral zone.
4:02 of 3rd period - Snap shot by Jake Evans.
4:02 of 3rd period - Deflect By Hayden Hodgson.
4:02 of 3rd period - Shot Misses the Net.
4:02 of 3rd period - Puck is out of play.
4:03 of 3rd period - Jake Evans wins face-off versus Sam Carrick in Bears zone.
4:04 of 3rd period - Wrist shot by Thomas Spelling.
4:04 of 3rd period - Goal by Thomas Spelling - Firebirds : 3 - Bears : 3.
4:05 of 3rd period - Jake Evans wins face-off versus Kerby Rychel in neutral zone.
4:08 of 3rd period - Snap shot by Nicolas Aube-Kubel.
4:08 of 3rd period - Goal by Nicolas Aube-Kubel - Firebirds : 3 - Bears : 4.
4:09 of 3rd period - Sam Carrick wins face-off versus Jake Evans in neutral zone.
4:34 of 3rd period - Cole Smith is hit by Pierre-Luc Dubois.
4:37 of 3rd period - Off-side.
4:38 of 3rd period - Kevin Rooney wins face-off versus Pierre-Luc Dubois in neutral zone.
4:45 of 3rd period - Wrist shot by Cole Smith.
4:45 of 3rd period - Shot Blocked by Pierre-Luc Dubois.
4:47 of 3rd period - Slapshot by Michael Prapavessis.
4:47 of 3rd period - Deflect By Cole Smith.
4:47 of 3rd period - Stopped by Cayden Primeau without a rebound.
4:48 of 3rd period - Sam Carrick wins face-off versus Jake Evans in Firebirds zone.
4:50 of 3rd period - Minor Penalty to Jake Evans for Roughing.
4:51 of 3rd period - Sam Carrick wins face-off versus Eric Robinson in Firebirds zone.
6:12 of 3rd period - Snap shot by Vincent Dunn.
6:12 of 3rd period - Shot Misses the Net.
6:14 of 3rd period - Wrist shot by Mason Appleton.
6:14 of 3rd period - Shot Misses the Net.
6:16 of 3rd period - Slapshot by Tommy Vannelli.
6:16 of 3rd period - Deflect By Mason Appleton.
6:16 of 3rd period - Stopped by Cayden Primeau without a rebound.
6:17 of 3rd period - Kerby Rychel wins face-off versus Sasha Chmelevski in Firebirds zone.
6:24 of 3rd period - Slapshot by Kerby Rychel.
6:24 of 3rd period - Goal by Kerby Rychel - Firebirds : 3 - Bears : 5.
6:25 of 3rd period - Jake Evans wins face-off versus Sam Carrick in neutral zone.
6:58 of 3rd period - Snap shot by Tanner Laczynski.
6:58 of 3rd period - Stopped by Cayden Primeau with a rebound.
8:26 of 3rd period - Matthew Kiersted is hit by Mason Appleton and loses puck.
9:25 of 3rd period - Pierre-Luc Dubois is hit by Tanner Laczynski and loses puck.
9:32 of 3rd period - Slapshot by Dylan Coghlan.
9:32 of 3rd period - Stopped by Garret Sparks with a rebound.
9:50 of 3rd period - Wrist shot by Kevin Rooney.
9:50 of 3rd period - Goal by Kevin Rooney - Firebirds : 3 - Bears : 6.
9:51 of 3rd period - Jake Evans wins face-off versus Sam Carrick in neutral zone.
10:53 of 3rd period - Kevin Rooney is hit by Bobby Brink and loses puck.
11:08 of 3rd period - Snap shot by Jasper Weatherby.
11:08 of 3rd period - Stopped by Garret Sparks with a rebound.
11:10 of 3rd period - Slapshot by Fredrik Olofsson.
11:10 of 3rd period - Shot Blocked by Michael Prapavessis.
11:12 of 3rd period - Snap shot by Victor Mete.
11:12 of 3rd period - Deflect By Jasper Weatherby.
11:12 of 3rd period - Shot Blocked by Nicolas Aube-Kubel.
11:12 of 3rd period - Puck is out of play.
11:13 of 3rd period - Nicolas Aube-Kubel wins face-off versus Jake Evans in Bears zone.
11:13 of 3rd period - Nicolas Aube-Kubel is hit by Hayden Hodgson.
11:37 of 3rd period - Sam Carrick is hit by Eric Robinson and loses puck.
12:07 of 3rd period - Icing by Mikko Vainonen.
12:08 of 3rd period - Jake Evans wins face-off versus Tanner Laczynski in Bears zone.
12:18 of 3rd period - Off-side.
12:19 of 3rd period - Sam Carrick wins face-off versus Jake Evans in neutral zone.
12:22 of 3rd period - Slapshot by Gianluca Curcuruto.
12:22 of 3rd period - Stopped by Cayden Primeau with a rebound.
12:32 of 3rd period - Wrist shot by Nicolas Aube-Kubel.
12:32 of 3rd period - Shot Misses the Net.
12:34 of 3rd period - Wrist shot by Kerby Rychel.
12:34 of 3rd period - Shot Misses the Net.
13:01 of 3rd period - Icing by Eric Robinson.
13:02 of 3rd period - Maksim Sushko wins face-off versus Vincent Dunn in Firebirds zone.
13:09 of 3rd period - Slapshot by Victor Mete.
13:09 of 3rd period - Deflect By Vincent Dunn.
13:09 of 3rd period - Stopped by Garret Sparks without a rebound.
13:10 of 3rd period - Sam Carrick wins face-off versus Thomas Spelling in Bears zone.
13:26 of 3rd period - Off-side.
13:27 of 3rd period - Pierre-Luc Dubois wins face-off versus Kevin Rooney in neutral zone.
13:58 of 3rd period - Minor Penalty to Jake Evans for Cross-checking.
13:59 of 3rd period - Sam Carrick wins face-off versus Eric Robinson in Firebirds zone.
15:27 of 3rd period - Off-side.
15:28 of 3rd period - Sasha Chmelevski wins face-off versus Vincent Dunn in neutral zone.
15:31 of 3rd period - Slapshot by Jakub Zboril.
15:31 of 3rd period - Shot Misses the Net.
15:58 of 3rd period - Penalty to Jake Evans is over, Jake Evans is back on ice.
15:59 of 3rd period - Slapshot by Nicolas Aube-Kubel.
15:59 of 3rd period - Shot Misses the Net.
16:01 of 3rd period - Wrist shot by Nicolas Aube-Kubel.
16:01 of 3rd period - Stopped by Cayden Primeau with a rebound.
16:03 of 3rd period - Snap shot by Kerby Rychel.
16:03 of 3rd period - Stopped by Cayden Primeau with a rebound.
16:05 of 3rd period - Snap shot by Nicolas Aube-Kubel.
16:05 of 3rd period - Shot Misses the Net.
16:07 of 3rd period - Snap shot by Mikko Vainonen.
16:07 of 3rd period - Shot Blocked by Jakub Zboril.
16:09 of 3rd period - Slapshot by Nicolas Aube-Kubel.
16:09 of 3rd period - Shot Misses the Net.
16:11 of 3rd period - Slapshot by Tommy Vannelli.
16:11 of 3rd period - Stopped by Cayden Primeau with a rebound.
16:13 of 3rd period - Slapshot by Tommy Vannelli.
16:13 of 3rd period - Stopped by Cayden Primeau with a rebound.
16:15 of 3rd period - Slapshot by Tommy Vannelli.
16:15 of 3rd period - Shot Misses the Net.
16:29 of 3rd period - Wrist shot by Sam Carrick.
16:29 of 3rd period - Shot Blocked by Jakub Zboril.
16:35 of 3rd period - Snap shot by Nicolas Aube-Kubel.
16:35 of 3rd period - Stopped by Cayden Primeau with a rebound.
16:37 of 3rd period - Slapshot by Nicolas Aube-Kubel.
16:37 of 3rd period - Stopped by Cayden Primeau without a rebound.
16:38 of 3rd period - Kevin Rooney wins face-off versus Pierre-Luc Dubois in Firebirds zone.
16:46 of 3rd period - Off-side.
16:47 of 3rd period - Pierre-Luc Dubois wins face-off versus Kevin Rooney in neutral zone.
17:25 of 3rd period - Slapshot by Pierre-Luc Dubois.
17:25 of 3rd period - Stopped by Garret Sparks without a rebound.
17:26 of 3rd period - Tanner Laczynski wins face-off versus Sasha Chmelevski in Bears zone.
17:42 of 3rd period - Icing by Matthew Kiersted.
17:43 of 3rd period - Sasha Chmelevski wins face-off versus Colby Cave in Firebirds zone.
17:43 of 3rd period - Sasha Chmelevski is hit by Mikko Vainonen.
18:18 of 3rd period - Slapshot by Thomas Spelling.
18:18 of 3rd period - Stopped by Garret Sparks with a rebound.
19:02 of 3rd period - Slapshot by Fredrik Olofsson.
19:02 of 3rd period - Shot Misses the Net.
19:26 of 3rd period - Corey Shueneman is hit by Colby Cave and loses puck.
19:37 of 3rd period - Wrist shot by Jake Evans.
19:37 of 3rd period - Stopped by Garret Sparks without a rebound.
19:38 of 3rd period - Sam Carrick wins face-off versus Bobby Brink in Bears zone.
Goals for this period are 2 for Firebirds vs 3 for Bears.
Shots for this period are 8 for Firebirds vs 17 for Bears.